 Dungeon Crawl Stone Soup version 0.14.2 (webtiles) character file.

94 EmikaRules the Firebug (level 4, 2/24 HPs)
             Began as a Deep Elf Fire Elementalist on Oct 30, 2016.
             Quit the game on Level 4 of the Dungeon.
             The game lasted 00:06:44 (968 turns).

EmikaRules the Firebug (Deep Elf Fire Elementalist)  Turns: 968, Time: 00:06:44

HP   2/24        AC  3     Str  6      XL: 4   Next: 18%
MP   6/14        EV 13     Int 20      God:
Gold 14          SH  0     Dex 15      Spells:  3 memorised,  3 levels left

rFire  . . .     SeeInvis .     u - -1,-3 flail (curse)
rCold  . . .     Clarity  .     k - +0 robe
rNeg   . . .     Conserve .     (no shield)
rPois  .         rCorr    .     (no helmet)
rElec  .         rRot     .     (no cloak)
SustAb . .       Spirit   .     m - +0 pair of gloves
rMut   .         Warding  .     (no boots)
Saprov . . .     Stasis   .     (no amulet)
MR     .....                    (no ring)
                                (no ring)

@: lethally poisoned, not resistant to hostile enchantments, fairly stealthy
A: no striking features
a: no special abilities


You were on level 4 of the Dungeon.
You were not hungry.

You visited 1 branch of the dungeon, and saw 4 of its levels.

You collected 14 gold pieces.

Inventory:

Hand weapons
 g - a +0,+0 short sword
 t - a +0,+0 great sword
 u - a cursed -1,-3 flail (weapon)
Missiles
 h - 8 darts (quivered)
Armour
 a - a +0 robe
 j - a +0 pair of gloves
 k - a +0 robe (worn)
 m - a +0 pair of gloves (worn)
Comestibles
 c - a bread ration
 d - 3 apples
 n - a meat ration
 v - a chunk of jackal flesh
Scrolls
 e - a scroll of fear {unknown}
 l - 2 scrolls of identify
 r - a scroll of random uselessness {unknown}
Potions
 o - a potion of restore abilities {unknown}
Books
 b - a book of Flames

   Spells                             Type                      Level
   *Flame Tongue                      Conjuration/Fire             1
   Throw Flame                        Conjuration/Fire             2
   *Conjure Flame                     Conjuration/Fire             3
   *Inner Flame                       Hexes/Fire                   3
   Sticky Flame                       Conjuration/Fire             4
   Fireball                           Conjuration/Fire             5


   Skills:
 - Level 2.4 Dodging
 - Level 2.4 Stealth
 + Level 3.9 Spellcasting
 + Level 3.0 Conjurations
 + Level 4.1 Fire Magic


You had 3 spell levels left.
You knew the following spells:

 Your Spells              Type           Power        Failure   Level  Hunger
a - Flame Tongue          Conj/Fire      ###..        2%          1    None
b - Inner Flame           Hex/Fire       ##......     17%         3    ###....
c - Conjure Flame         Conj/Fire      ###.....     10%         3    ###....


Dungeon Overview and Level Annotations

Branches:
Dungeon (4/15)
 Temple: D:4-7

Altars:

Annotations:
D:4 Natasha; ulrikemeinhof's ghost, average TrMo


Message History

The white imp lashes its tail.
Natasha mumbles some strange words.
The worker ant closely misses you.
The white imp shouts, "Go and return not, thou dandy miscreant zombie-fodder!"
The white imp gestures at you. The puff of frost hits you!
* * * LOW HITPOINT WARNING * * *
You feel yourself speed up.
* * * LOW HITPOINT WARNING * * *
You feel sick. The worker ant closely misses you.
The white imp lashes its tail.
The worker ant bites you.
* * * LOW HITPOINT WARNING * * *
Natasha casts a spell.
* * * LOW HITPOINT WARNING * * *
You feel sick.
Casting: Flame Tongue
Confirm with . or Enter, or press ? or * to list all spells.
Okay, then.
Are you sure you want to abandon this character and quit the game? (Confirm with "yes".)

.<..##..............,,*
....##....(.......##,,*
......%...........#*,,*
#.................#*,,#
#.....)......###..#*,.#
#..####.%....#
#..##..##**** #..#
#......# #........,,,*
#..#
#......###.........,,*
#..# #.......##@#*,
,******
#..#*##.>....5.#5# ,,,*
*,.,...........h.#*,,,*
*,,,...........a.#*,,,*
*,,**##...........#,,,*
,,,* #..#≈≈≈≈≈≈≈≈≈..,*
,,,*
#..#≈#≈≈≈≈≈#≈...******
*,,* *.
#≈#≈###≈#≈...,,,,,*
*,,*
*,,#≈#≈≈≈≈≈#≈..,,,,,,


You could see a worker ant, Natasha and a white imp.

Vanquished Creatures
  An adder (D:3)
  3 gnolls (D:3)
  A giant gecko (D:4)
  3 orcs
  4 giant cockroaches
  2 goblins
  5 hobgoblins
  7 jackals
  5 kobolds
  A quokka (D:2)
  A bat (D:1)
  A giant newt (D:2)
  2 rats
36 creatures vanquished.

Notes
Turn   | Place    | Note
--------------------------------------------------------------
     0 | D:1      | EmikaRules, the Deep Elf Fire Elementalist, began the quest for the Orb.
     0 | D:1      | Reached XP level 1. HP: 10/10 MP: 5/5
   173 | D:1      | Reached XP level 2. HP: 10/15 MP: 6/8
   311 | D:4      | Noticed ulrikemeinhof's ghost (average TrMo)
   488 | D:1      | Reached XP level 3. HP: 19/19 MP: 8/11
   493 | D:1      | Learned a level 3 spell: Inner Flame
   497 | D:1      | Learned a level 3 spell: Conjure Flame
   625 | D:3      | Reached skill level 4 in Fire Magic
   765 | D:3      | Reached XP level 4. HP: 16/24 MP: 1/14
   947 | D:4      | Noticed Natasha
   958 | D:4      | HP: 1/24 [white imp[Natasha] (3)]
   968 | D:4      | Quit the game

Action                   |  1- 3 |  4- 6 || total
-------------------------+-------+-------++-------
Melee: Short sword       |     4 |       ||     4
 Cast: Flame Tongue      |    48 |    18 ||    66
       Conjure Flame     |     1 |       ||     1
       Inner Flame       |     1 |       ||     1
  Use: Scroll            |     1 |     3 ||     4
       Potion            |       |     3 ||     3
